 Dungeon Crawl Stone Soup version 0.23-a0-577-g2b1de94 (webtiles) character file.

74 JeffiDaFish the Conjurer (level 4, -5/33 HPs)
             Began as a Draconian Conjurer on Dec 15, 2018.
             Slain by Crazy Yiuf
             ... wielding a +4 quarterstaff of chaos
              (12 damage)
             ... on level 2 of the Dungeon.
             The game lasted 00:04:50 (1939 turns).

JeffiDaFish the Conjurer (Draconian Conjurer)       Turns: 1939, Time: 00:04:51

Health: -5/33      AC:  5    Str: 10    XL:     4   Next: 10%
Magic:  0/7        EV: 12    Int: 17    God:
Gold:   34         SH:  0    Dex: 11    Spells: 2/8 levels left

rFire    . . .     SeeInvis .   a - +1 dagger (drain)
rCold    . . .     Gourm    .   (no shield)
rNeg     . . .     Faith    .   (armour unavailable)
rPois    .         Spirit   .   (helmet restricted)
rElec    .         Reflect  .   (no cloak)
rCorr    .         Harm     .   (no gloves)
MR       .....                  (no boots)
Stlth    ++........             (no amulet)
HPRegen  0.11/turn              (no ring)
MPRegen  0.10/turn              (no ring)

@: lethally poisoned (-5 -> -9)
A: unfitting armour, cold-blooded, AC +5
a: no special abilities


You were on level 2 of the Dungeon.
You were not hungry.

You visited 1 branch of the dungeon, and saw 2 of its levels.

You collected 34 gold pieces.

Inventory:

Hand Weapons
 a - a +1 dagger of draining (weapon)
Scrolls
 d - a scroll of remove curse
 e - a scroll of magic mapping
Comestibles
 b - 2 rations
 c - a chunk of flesh


   Skills:
 - Level 2.4 Dodging
 - Level 1.7 Stealth
 + Level 2.6 Spellcasting
 * Level 4.9 Conjurations


You had 2 spell levels left.
You knew the following spells:

 Your Spells              Type           Power        Failure   Level  Hunger
a - Magic Dart            Conj           ###.         2%          1    #......
b - Searing Ray           Conj           ###...       3%          2    ##.....
c - Dazzling Spray        Conj/Hex       ##....       21%         3    ###....

Your spell library contained the following spells:

 Spells                   Type           Power        Failure   Level  Hunger
 Iskenderun's Mystic Bla  Conj           ###.....     24%         4    #####..
 Force Lance              Conj/Tloc      ##......     54%         4    #####..
 Fulminant Prism          Conj/Hex       ##........   54%         4    #####..


Dungeon Overview and Level Annotations

Branches:
Dungeon (2/15)

Altars:

Annotations:
D:2 Crazy Yiuf


Innate Abilities, Weirdness & Mutations

Your plain brown scales are hard. (AC +5)
You cannot fit into any form of body armour.
You are cold-blooded and may be slowed by cold attacks.


Message History

Crazy Yiuf says, "Snoogle head infinity!"
Crazy Yiuf hits you with a +4 quarterstaff of chaos.
You are poisoned.
You feel sick.
Some of the chunks of flesh in your inventory have rotted away.
You feel sick.
You feel sick.
You aren't carrying any potions.
You feel sick.
Crazy Yiuf cries, "You leg down broken song, no?"
You feel sick.
Casting: Magic Dart (safe; 2% risk of failure)
Confirm with . or Enter, or press ? or * to list all spells.
Aiming: Magic Dart (safe; 2% risk of failure)
Press: ? - help, Shift-Dir - straight line, f/p - Crazy Yiuf
Aim: Crazy Yiuf, wielding a +4 quarterstaff of chaos and wearing a +2 cloak of The magic dart hits Crazy Yiuf.
Crazy Yiuf is severely wounded.
Crazy Yiuf hits you with a +4 quarterstaff of chaos!
You die...

##.##...#...# ♣♣.♣ ##.........
##.###..#.#.# ♣.♣♣ #..........
...# #....#.# ♣♣.♣ #..........
##.# #.##.### ♣.♣♣ ##.........
#.###.##.### ♣♣.♣♣ #..........
#..##.##...# ♣...♣♣ #.........#
#..#..##.#.# ♣....♣ #.........#
##....###...# #.g..# #......##..
......###...# #+@.'####......####
......#.....###......).<.........
................#....>...........
..........<...##...#...#####.#...
..............##.####..## #.#..#
..............#..# ##..# #....#
......#########.######..# ##.##.#
.##########..........#..# #......
.............)..........###.##...


You could see Crazy Yiuf.

Vanquished Creatures
  4 gnolls
  A dart slug (D:1)
  7 bats
  4 goblins (D:1)
  2 hobgoblins (D:1)
  4 jackals
  2 frilled lizards
  4 kobolds
  3 rats
31 creatures vanquished.

Notes
Turn   | Place    | Note
-------+----------+-------------------------------------------
     0 | D:1      | JeffiDaFish the Draconian Conjurer began the quest for the
                  | Orb.
     0 | D:1      | Reached XP level 1. HP: 14/14 MP: 3/3
   389 | D:1      | Reached XP level 2. HP: 19/20 MP: 0/5
   543 | D:1      | Learned a level 2 spell: Searing Ray
  1144 | D:1      | Reached XP level 3. HP: 23/26 MP: 0/6
  1202 | D:1      | Learned a level 3 spell: Dazzling Spray
  1679 | D:2      | Reached XP level 4. HP: 33/33 MP: 3/7
  1915 | D:2      | Found a runed door.
  1919 | D:2      | Noticed Crazy Yiuf
  1939 | D:2      | Slain by Crazy Yiuf

Vault maps used:
D:1:      lemuel_arrival_cross, grunt_decor_mini_mirrors
D:2:      uniq_crazy_yiuf_cottage

Skill      XL: |  1 |
---------------+----+-----
Dodging        | 2 |  2.4
Stealth        | |  1.7
Spellcasting   | |  2.6
Conjurations   | |  4.9

Action                   |  1- 3 |  4- 6 || total
-------------------------+-------+-------++-------
Melee: Unarmed           |    14 |       ||    14
       Tailslap          |     5 |     1 ||     6
       Dagger            |    12 |     8 ||    20
 Cast: Magic Dart        |    32 |     4 ||    36
       Searing Ray       |     2 |     1 ||     3
       Dazzling Spray    |     2 |     1 ||     3
  Use: Scroll            |     5 |     2 ||     7
       Potion            |     1 |       ||     1
 Stab: Invisible         |     2 |       ||     2
  Eat: Chunk             |     2 |     2 ||     4
Armor: Skin              |    28 |     2 ||    30
Dodge: Dodged            |    35 |     5 ||    40

Table legend:
 A = Non-vault XP
 B = Vault XP
 C = Vault XP percentage of total XP
 D = Non-vault monster count
 E = Vault monster count
 F = Vault count percentage of total count
                 A         B        C        D         E       F
            +---------+---------+-------+---------+---------+-------
      Total |     107 |       0 |   0.0 |      31 |       0 |   0.0
            +---------+---------+-------+---------+---------+-------
        D:1 |      49 |       0 |   0.0 |      20 |       0 |   0.0
        D:2 |      58 |       0 |   0.0 |      11 |       0 |   0.0
            +---------+---------+-------+---------+---------+-------
